 Dungeon Crawl Stone Soup version 0.32-a0-576-g706899e69d (webtiles) character file.

Game seed: 8291598824844399288

207206 Drazool the Evocator (level 18, -11/149 HPs)
             Began as a Coglin Hunter on Mar 1, 2024.
             Was the Champion of Okawaru.
             Killed from afar by Aizul (16 damage)
             ... with a bolt of poison
             ... in the Arena.
             The game lasted 02:16:55 (29111 turns).

Drazool the Evocator (Coglin Hunter)               Turns: 29111, Time: 02:16:55

Health: -11/149    AC: 11    Str: 16    XL:     18   Next: 74%
Magic:  17/24      EV: 24    Int: 10    God:    Okawaru [******]
Gold:   3198       SH:  0    Dex: 25    Spells: 9/17 levels left

rFire   + . .        C - +6 hand cannon of the Invisible Dances {penet, rN+}
rCold   . . .        o - +3 greatsling "Punk" {acid, rCorr}
rNeg    + . .        v - +0 troll leather armour
rPois   .            J - +1 helmet {SInv}
rElec   .            D - scarf of Shadows and Fog {+Inv, Str+5 Stlth+}
rCorr   +            u - +1 pair of gloves
SInv    +            f - +2 pair of boots
Will    +....        (amulet unavailable)
Stlth   ++++         (ring unavailable)
HPRegen 1.24/turn    (ring unavailable)
MPRegen 0.19/turn    y - pneumatic whirligig {AutoDazzle, rF+ Slay+3}

%: no passive effects
@: lethally poisoned (-11 -> -51), studying Dodging, duelling, revving
A: off-hand wielding, slow wielding, warmup strikes, no jewellery
}: 1/15 runes: serpentine
a: Renounce Religion, Evoke Invisibility, Heroism, Finesse, Duel


You were in the Arena.
You worshipped Okawaru.
Okawaru was exalted by your worship.
You visited 6 branches of the dungeon, and saw 29 of its levels.
You also visited: Ice Cave.

You collected 4118 gold pieces.
You spent 920 gold pieces at shops.


Innate Abilities, Weirdness & Mutations

You can wield a second weapon in your off-hand.
It takes a long time for you to wield or remove held weapons.
Your first few attacks do less damage.
You cannot equip rings or amulets.


   Skills:
 - Level 15.0 Fighting
 + Level 14.5 Ranged Weapons
 - Level 6.0 Armour
 - Level 14.0 Dodging
 - Level 3.0 Stealth
 - Level 9.2 Translocations
 - Level 9.0 Invocations
 - Level 22.0 Evocations


You had 9 spell levels left.
You knew the following spells:

 Your Spells              Type           Power      Damage    Failure   Level
u - Passage of Golubria   Tloc           18%        N/A       10%         4
X - Dimensional Bullseye  Hex/Tloc       4%         N/A       56%         4

Your spell library contained the following spells:

 Spells                   Type           Power      Damage    Failure   Level
 Apportation              Tloc           36%        N/A       1%          1
 Lesser Beckoning         Tloc           36%        N/A       1%          2
 Gell's Gravitas          Tloc           18%        N/A       3%          3
 Teleport Other           Tloc           18%        N/A       3%          3
 Manifold Assault         Tloc           18%        N/A       10%         4
 Volatile Blastmotes      Fire/Tloc      18%        2d11      21%         3
 Freeze                   Ice            0%         1d3       41%         1
 Necrotise                Necr           0%         1d4       41%         1
 Sandblast                Erth           0%         2d4       41%         1
 Shock                    Conj/Air       0%         1d3       41%         1
 Slow                     Hex            0%         N/A       41%         1
 Sting                    Conj/Alch      0%         1d3       41%         1
 Cigotuvi's Dreadful Rot  Necr/Alch/Air  0%         N/A       56%         2
 Ensorcelled Hibernation  Hex/Ice        0%         N/A       56%         2
 Jinxbite                 Hex            0%         N/A       56%         2
 Mercury Vapours          Alch/Air       0%         N/A       56%         2
 Static Discharge         Conj/Air       0%         3-3/arc   56%         2
 Sublimation of Blood     Necr           0%         N/A       56%         2
 Iskenderun's Mystic Bla  Conj/Tloc      9%         2d4       56%         4
 Vhi's Electric Charge    Tloc/Air       18%        N/A       56%         4
 Confusing Touch          Hex            0%         N/A       80%         3
 Frozen Ramparts          Ice            0%         1d1       80%         3
 Fugue of the Fallen      Necr           0%         N/A       80%         3
 Hailstorm                Conj/Ice       0%         3d5       80%         3
 Passwall                 Erth           0%         N/A       80%         3
 Sigil of Binding         Hex            0%         N/A       80%         3
 Stone Arrow              Conj/Erth      0%         3d7       80%         3
 Swiftness                Air            0%         N/A       80%         3
 Vampiric Draining        Necr           0%         2d6       80%         3
 Dispersal                Tloc           9%         N/A       83%         6
 Airstrike                Air            0%         2d(0-16)  99%         4
 Anguish                  Hex/Necr       0%         N/A       99%         4
 Brom's Barrelling Bould  Conj/Erth      0%         2d3       99%         4
 Flame Wave               Conj/Fire      0%         2d4       99%         4
 Fulminant Prism          Conj/Alch      0%         3d5       99%         4
 Ignite Poison            Fire/Alch      0%         N/A       99%         4
 Olgreb's Toxic Radiance  Alch           0%         N/A       99%         4
 Petrify                  Alch/Erth      0%         N/A       99%         4
 Arcjolt                  Conj/Air       0%         1d10      100%        5
 Borgnjor's Vile Clutch   Necr/Erth      0%         N/A       100%        5
 Fireball                 Conj/Fire      0%         3d3       100%        5
 Freezing Cloud           Conj/Ice/Air   0%         6-21      100%        5
 Irradiate                Conj/Alch      0%         3d11      100%        5
 Lee's Rapid Deconstruct  Erth           0%         3d4*      100%        5
 Silence                  Hex/Air        0%         N/A       100%        5
 Yara's Violent Unravell  Hex/Alch       0%         3d3       100%        5
 Enfeeble                 Hex            0%         N/A       100%        7
 Orb of Destruction       Conj           0%         9d5       100%        7
 Disjunction              Tloc           9%         N/A       100%        8
 Lehudib's Crystal Spear  Conj/Erth      0%         10d2      100%        8
 Maxwell's Capacitive Co  Air            0%         ∞         100%        8
 Summon Small Mammal      Summ           Unusable   N/A       N/A         1
 Call Canine Familiar     Summ           Unusable   N/A       N/A         3
 Animate Armour           Summ/Erth      Unusable   N/A       N/A         4
 Summon Blazeheart Golem  Fire/Summ      Unusable   N/A       N/A         4
 Summon Lightning Spire   Summ/Air       Unusable   N/A       N/A         4
 Malign Gateway           Summ/Tloc      Unusable   N/A       N/A         7
 Spellforged Servitor     Conj/Summ      Unusable   N/A       N/A         7

Inventory:

Hand Weapons
 o - the +3 greatsling "Punk" (offhand) {acid, rCorr}
   (You acquired it on level 7 of the Dungeon)

   rCorr:     It protects you from acid and corrosion.
 C - the +6 hand cannon of the Invisible Dances (weapon) {penet, rN+}
   (Okawaru gifted it to you on level 12 of the Dungeon)

   rN+:       It protects you from negative energy.
Missiles
 h - 2 throwing nets {=f}
Armour
 d - a +2 scale mail of fire resistance
 f - a +2 pair of boots (worn)
 u - a +1 pair of gloves (worn)
 v - a +0 troll leather armour (worn)
 D - the scarf of Shadows and Fog (worn) {+Inv, Str+5 Stlth+}
   (Okawaru gifted it to you on level 12 of the Dungeon)

   Str+5:     It affects your strength (+5).
   Stlth+:    It makes you more stealthy.
 J - a +1 helmet of see invisible (worn)
 S - a +2 leather armour of willpower
Gizmo
 y - a pneumatic whirligig (installed) {AutoDazzle, rF+ Slay+3}
   (You invented it yourself in an ice cave)

   [pneumatic whirligig]

   AutoDazzle: It sometimes fires a blinding ray at enemies whose attacks you
   dodge.
   Slay+3:    It affects your accuracy & damage with ranged weapons and melee
   (+3).
   rF+:       It protects you from fire.
Wands
 b - a wand of digging (17)
 z - a wand of flame (83)
 E - a wand of light (5)
 F - a wand of polymorph (20)
 G - a wand of roots (16)
 R - a wand of mindburst (5)
Scrolls
 g - 3 scrolls of amnesia
 i - 6 scrolls of blinking
 j - 3 scrolls of vulnerability
 l - 9 scrolls of teleportation {@r2}
 x - 2 scrolls of brand weapon
 H - a scroll of revelation
 I - 2 scrolls of fog
 K - 3 scrolls of enchant weapon
 L - a scroll of immolation
 O - 4 scrolls of poison
Potions
 c - 3 potions of resistance
 e - 8 potions of haste {@q3}
 k - 4 potions of heal wounds {@q2}
 m - 5 potions of magic
 n - 2 potions of lignification
 p - 4 potions of might
 r - 4 potions of curing {@q1}
 t - a potion of cancellation
 A - 5 potions of mutation
 B - 3 potions of enlightenment
 N - 2 potions of berserk rage {!q}
 Q - 3 potions of brilliance
Miscellaneous
 w - a condenser vane
 M - a phial of floods
 P - a lightning rod (4/4)

Dungeon Overview and Level Annotations

Branches:
Dungeon (15/15)            Temple (1/1) D:7            Lair (5/5) D:10
  Swamp (2/4) Lair:3        Snake (4/4) Lair:2        Slime (0/5) Lair:5
    Orc (2/2) D:11            Elf (0/3) Orc:2        Vaults (0/5) D:14
 Depths (0/4) D:15          IceCv (visited)

Altars:
Ashenzari
Cheibriados
Dithmenos
Elyvilon
Fedhas
Gozag
Hepliaklqana
Kikubaaqudgha
Makhleb
Nemelex Xobeh
Okawaru
Qazlal
Ru
Sif Muna
Trog
Uskayaw
Vehumet
Wu Jian
Xom
Yredelemnul
Zin
The Shining One
Beogh

Shops:
D:1 ?   D:3 :   D:14 (   D:15 *   Orc:2 *(((   Snake:2 ?

Portals:
Trove: D:11 (show slimy rune of Zot)

Annotations:
D:3 1 runed translucent door, Crazy Yiuf, Pikel
Snake:3 5 runed translucent doors Arena Aizul

▓▓▓▓▓▓▓▓▓▓▓
▓▓p..█p█p..▓▓
▓▓███████████▓▓
▓p█.........█p▓
▓.█.░.....░@█.▓
▓.█.........█.▓
▓██.........██▓
▓p█....S....█p▓
▓██.........██▓
▓p█.........█p▓
▓.█.░.....░.█.▓
▓.█.........█.▓
▓▓███████████▓▓


You could see Aizul (corroded).


Message History

Aim: Aizul (magical condensation, heavily wounded, covered in acid)
You enter into single combat with Aizul!
The world spins around you as you enter the gateway.
You enter Okawaru's Arena!
Found a gate leading back out of this place.
You feel extremely sick.
The spectator shouts! x2
Aizul casts a spell at you.
You struggle to resist.
Aizul casts a spell at you. The bolt of poison hits you!!!
You are lethally poisoned!
* * * LOW HITPOINT WARNING * * *
There is an empty arch of ancient stone here.
You feel better. Aizul casts a spell at you. The bolt of poison hits you!
You are poisoned.
* * * LOW HITPOINT WARNING * * *
Blink to where?
Press: ? - help, Dir - move target
As you read the scroll of blinking, it crumbles to dust.
* * * LOW HITPOINT WARNING * * *
You feel very sick.
The spectator shouts!
Aizul casts a spell at you. The bolt of poison hits you!
You are more poisoned.
You die...
Okawaru crowns Aizul victorious!

Skill      XL: |  1  2  3  4  5  6  7  8  9 10 11 12 13 14 15 16 17 18 |
---------------+-------------------------------------------------------+-----
Ranged Weapons | 4 5 8 11 14 | 14.5
Dodging        | 2 5 7 8 9 11 14 | 14.0
Fighting       | 5 7 8 9 10 13 14 15 | 15.0
Invocations    | 6 9 |  9.0
Evocations     | 3 8 16 21 22 | 22.0
Stealth        | 3 |  3.0
Armour         | 3 6 |  6.0
Translocations | 9 |  9.2

Action                     |  1- 3 |  4- 6 |  7- 9 | 10-12 | 13-15 | 16-18 || total
---------------------------+-------+-------+-------+-------+-------+-------++-------
   Fire: Sling             |   154 |   264 |   516 |   398 |    39 |       ||  1371
         Greatsling        |       |       |       |   376 |   785 |   855 ||  2016
         Hand cannon       |       |       |       |       |   746 |   855 ||  1601
 Invoke: Heroism           |       |       |       |     1 |     2 |     1 ||     4
         Receive Weapon    |       |       |       |       |     1 |       ||     1
         Receive Armour    |       |       |       |       |     1 |       ||     1
         Finesse           |       |       |       |       |     2 |     1 ||     3
         Duel              |       |       |       |       |       |     1 ||     1
Ability: Invent Gizmo      |       |       |       |       |     1 |       ||     1
         Evoke Invisibilit |       |       |       |       |       |     2 ||     2
  Evoke: Wand              |       |       |     5 |       |       |       ||     5
    Use: Scroll            |     1 |     8 |     2 |    10 |    14 |    15 ||    50
         Potion            |       |     1 |       |       |     2 |     2 ||     5
 Armour: Leather armour    |     8 |    30 |    29 |     9 |       |       ||    76
         Troll leather arm |       |       |       |    34 |   151 |   159 ||   344
  Dodge: Dodged            |    14 |    21 |    44 |    52 |   211 |   204 ||   546

Levels and vault maps discovered:
D:1:      psy_arrival_whirlpool, layout_loops_cross, serial_shops, shop
D:2:      layout_rooms, basic_altar, minmay_misc_feat_iff
D:3:      layout_basic, tso_altar, serial_shops, nicolae_book_shop_shelving,
          serial_bayou_pond_c, uniq_crazy_yiuf_cottage
D:4:      layout_cave_pools, kennysheep_mini, lightli_temple_of_fire,
          minmay_fractal_squares_5, uniq_pikel
D:5:      layout_gridville, uniq_blork_the_orc, uniq_menkaure, uniq_grinder
D:6:      hangedman_cross_stitches, layout_gridville, nicolae_ru_awakened_eye,
          general_overflow_altar, amcnicky_altar_gilded, minmay_lizard_king
D:7:      minmay_the_grid_triangle_9x9_recursive_2
          [minmay_the_grid_triangle_9x9_prize_top_heavy,
          minmay_the_grid_triangle_9x9_sprig,
          minmay_the_grid_triangle_9x9_cache,
          minmay_the_grid_triangle_9x9_corrupted_corridor], layout_rooms,
          nicolae_dithmenos_through_a_glass_darkly,
          mainiacjoe_overflow_alcove_2, minmay_temple_entry_from_below_b
D:8:      layout_basic
D:9:      layout_rooms, nemelex_diamond_rough_becter,
          mainiacjoe_overflow_tiny_flanked, kennysheep_generic_room_12
D:10:     layout_rooms, hellmonk_overflow_destroyed_library, slow_altar_1,
          erik_lair_orcish_takeover
D:11:     lemuel_reptile_caves, layout_long_grid, zombieorc2_lemuel,
          nicolae_trove_entry_crossroad, uniq_grum
D:12:     layout_gridville, kennysheep_generic_room_7, uniq_lodul
D:13:     layout_rooms
D:14:     layout_cave_pools, grunt_vaults_entry_tiered, serial_shops,
          nicolae_diamond_shop, minmay_misc_feat_nine_boxes
D:15:     grunt_enter_depths_magical_seal, layout_rooms,
          dreamdust_princess_bridge, corexii_hall_statues_u,
          nicolae_blasting_shop, grunt_qazlal_sundering, uniq_jorgrun,
          uniq_josephine
Temple:   chequers_temple_sunken
Lair:1:   layout_regular_city, infiniplex_staircase_pool_2, uniq_amaemon
Lair:2:   layout_layer_cave, minmay_snake_entry_spellcaster,
          portal_ice_cave_entry_pillars_2
Lair:3:   layout_misc_corridors, swamp_mist_pool, chequers_serial_rivers_marsh,
          serial_bayou_pond_e, serial_bayou_shore_b, grunt_megastairs_4,
          serial_bayou_shore_a
Lair:4:   layout_gridlike
Lair:5:   wormcave, layout_cellular_growth, hangedman_lair_in_review,
          slime_entry_2, lookout_lair_type
Swamp:1:  layout_basic_swamp, infiniplex_staircase_pool
Swamp:2:  layout_falls_marsh, ebering_ghost_reflecting_pool, serial_swamp_ruin,
          evilmike_swamp_ruin_house_5, evilmike_swamp_ruin_house_6, uniq_aizul
Snake:1:  layout_layer_cave, lemuel_fruit_tree, uniq_agnes
Snake:2:  layout_basic, serial_shops, nicolae_shop_real_fake_doors,
          nicolae_snake_springs
Snake:3:  layout_concentric_octagons, grunt_ministairs_12,
          hangedman_venom_bottle
Snake:4:  hellmonk_snake_rune_quicksilver_temple, layout_cave_town,
          grunt_ministairs_5, nicolae_snake_gridmaze_swirls,
          nicolae_snake_naga_rites
Orc:1:    layout_caves
Orc:2:    pubby_orc_utopia, uniq_snorg
Arena

Notes
Turn   | Place    | Note
-------+----------+-------------------------------------------
     0 | D:1      | Drazool the Coglin Hunter began the quest for the Orb.
     0 | D:1      | Reached XP level 1. HP: 16/16 MP: 1/1
   119 | D:1      | Reached skill level 4 in Ranged Weapons
   119 | D:1      | Reached XP level 2. HP: 22/22 MP: 2/2
   291 | D:1      | Reached XP level 3. HP: 27/27 MP: 3/3
   496 | D:1      | Found Podetaz's Magic Scroll Shoppe.
   499 | D:1      | Bought a scroll of identify for 22 gold pieces
   499 | D:1      | Bought a scroll of identify for 22 gold pieces
   663 | D:2      | Found a glowing silver altar of Zin.
   746 | D:2      | Reached skill level 5 in Ranged Weapons
   746 | D:2      | Reached XP level 4. HP: 33/33 MP: 4/4
  1324 | D:3      | Found a glowing golden altar of the Shining One.
  1456 | D:3      | Reached XP level 5. HP: 36/38 MP: 5/5
  1470 | D:3      | Found Roniredeo's Book Emporium.
  1515 | D:3      | Found a runed translucent door.
  1516 | D:3      | Noticed Crazy Yiuf
  1907 | D:4      | Noticed a lemure
  1909 | D:4      | Noticed Pikel
  1910 | D:4      | Noticed a lemure
  1920 | D:3      | Killed a lemure
  2009 | D:4      | Noticed a two-headed ogre
  2018 | D:3      | Reached skill level 6 in Ranged Weapons
  2063 | D:4      | Noticed a lemure
  2063 | D:4      | Noticed a lemure
  2291 | D:4      | Killed a lemure
  2380 | D:4      | Killed a two-headed ogre
  2381 | D:4      | Reached skill level 8 in Ranged Weapons
  2381 | D:4      | Reached XP level 6. HP: 25/44 MP: 6/6
  2381 | D:4      | Reached XP level 7. HP: 29/50 MP: 7/7
  2484 | D:4      | Found a stormy altar of Qazlal.
  2548 | D:4      | Reached skill level 2 in Dodging
  2548 | D:4      | Reached XP level 8. HP: 57/57 MP: 8/8
  2563 | D:4      | Reached skill level 3 in Fighting
  2608 | D:4      | Reached skill level 3 in Dodging
  2772 | D:4      | Found a burning altar of Makhleb.
  2979 | D:5      | Entered Level 5 of the Dungeon
  2979 | D:5      | Noticed Grinder
  3067 | D:5      | Noticed Menkaure
  3159 | D:5      | Killed Grinder
  3160 | D:5      | Reached skill level 4 in Fighting
  3160 | D:5      | Reached skill level 4 in Dodging
  3236 | D:5      | Noticed Blork the orc
  3566 | D:6      | Found a white marble altar of Elyvilon.
  3599 | D:6      | Reached skill level 5 in Fighting
  3631 | D:6      | Noticed a wyvern
  3638 | D:6      | Killed a wyvern
  3639 | D:6      | Reached skill level 5 in Dodging
  3639 | D:6      | Reached XP level 9. HP: 69/69 MP: 9/9
  3723 | D:6      | Reached skill level 6 in Fighting
  3915 | D:6      | Found a sacrificial altar of Ru.
  3971 | D:6      | Reached skill level 6 in Dodging
  4130 | D:6      | Found a glowing silver altar of Zin.
  4243 | D:6      | Reached skill level 7 in Fighting
  4304 | D:6      | Upgraded the game from 0.32-a0-571-gec57dfcd37 to
                  | 0.32-a0-576-g706899e69d
  4461 | D:6      | Identified the +11 sling "Jelafu" {heavy, Fly rN+ Dex+5}
  4823 | D:7      | Reached skill level 7 in Dodging
  4901 | D:7      | Reached XP level 10. HP: 72/80 MP: 10/10
  4913 | D:7      | Reached skill level 8 in Fighting
  5096 | D:7      | Identified a scroll of acquirement
  5097 | D:7      | Acquired the +3 greatsling "Punk" {acid, rCorr}
  5097 | D:7      | Found the +3 greatsling "Punk" {acid, rCorr}
  5139 | D:7      | Found an opulent altar of Gozag.
  5261 | D:7      | Noticed a kobold demonologist
  5277 | D:7      | Killed a kobold demonologist
  5278 | D:7      | Reached skill level 9 in Ranged Weapons
  5285 | D:7      | Noticed a manticore
  5287 | D:7      | Killed a manticore
  5362 | D:7      | Noticed a manticore
  5370 | D:7      | Killed a manticore
  5371 | D:7      | Reached skill level 10 in Ranged Weapons
  5377 | D:7      | Noticed a gargoyle
  5380 | D:7      | Killed a gargoyle
  5439 | D:7      | Found a shadowy altar of Dithmenos.
  5544 | D:7      | Reached skill level 11 in Ranged Weapons
  5660 | D:7      | Noticed a skeletal warrior
  5679 | D:7      | Identified the +1 leather armour of Ignis's Displeasure
                  | {Will+}
  5749 | D:7      | Killed a skeletal warrior
  5855 | D:7      | Found a staircase to the Ecumenical Temple.
  5941 | D:8      | Noticed a green ugly thing
  5946 | D:8      | Killed a green ugly thing
  5947 | D:8      | Reached XP level 11. HP: 86/86 MP: 11/11
  6105 | D:8      | Noticed a two-headed ogre
  6111 | D:8      | Killed a two-headed ogre
  6112 | D:8      | Reached skill level 12 in Ranged Weapons
  6201 | Temple   | Entered the Ecumenical Temple
  6215 | Temple   | Became a worshipper of Warmaster Okawaru
  6717 | D:9      | Found an ornate altar of the Wu Jian Council.
  6743 | D:9      | Reached * piety under Okawaru
  6745 | D:9      | Reached skill level 13 in Ranged Weapons
  6759 | D:9      | Noticed a two-headed ogre
  6764 | D:9      | Killed a two-headed ogre
  6764 | D:9      | Reached ** piety under Okawaru
  6957 | D:9      | Found a sparkling altar of Nemelex Xobeh.
  7142 | D:10     | Entered Level 10 of the Dungeon
  7142 | D:10     | Noticed a two-headed ogre
  7145 | D:10     | Killed a two-headed ogre
  7145 | D:10     | Reached *** piety under Okawaru
  7146 | D:10     | Reached skill level 14 in Ranged Weapons
  7178 | D:10     | Reached skill level 9 in Fighting
  7178 | D:10     | Reached XP level 12. HP: 81/95 MP: 12/12
  7247 | D:10     | Found a staircase to the Lair.
  7262 | D:10     | Reached skill level 8 in Dodging
  7347 | D:10     | Found a snail-covered altar of Cheibriados.
  7355 | D:10     | Reached **** piety under Okawaru
  7356 | D:10     | Reached skill level 1 in Invocations
  7470 | D:10     | Reached skill level 2 in Invocations
  7501 | D:10     | Found a shimmering blue altar of Sif Muna.
  7505 | D:10     | Found a bloodstained altar of Trog.
  7661 | D:11     | Reached skill level 3 in Invocations
  7696 | D:11     | Reached skill level 4 in Invocations
  7697 | D:11     | Reached skill level 1 in Evocations
  7702 | D:11     | Found a staircase to the Orcish Mines.
  7720 | D:11     | Noticed Grum
  7722 | D:11     | Killed Grum
  7723 | D:11     | Reached skill level 2 in Evocations
  7726 | D:11     | Reached skill level 3 in Evocations
  7726 | D:11     | Reached skill level 1 in Stealth
  7771 | D:11     | Identified 2 potions of resistance
  7800 | D:11     | Noticed a two-headed ogre
  7805 | D:11     | Killed a two-headed ogre
  7805 | D:11     | Reached ***** piety under Okawaru
  7806 | D:11     | Reached skill level 2 in Stealth
  7827 | D:11     | Reached skill level 3 in Stealth
  7921 | D:11     | Found a portal to a secret trove of treasure.
  8035 | D:11     | Reached skill level 5 in Invocations
  8103 | D:11     | Reached skill level 6 in Invocations
  8114 | D:11     | Reached skill level 1 in Armour
  8425 | D:11     | You are sucked into a shaft and drop 3 floors!
  8434 | D:14     | Reached skill level 2 in Armour
  8434 | D:14     | Noticed a centaur warrior
  8449 | D:13     | Noticed a six-headed hydra
  8461 | D:13     | Noticed a tengu warrior
  8514 | D:13     | Killed a tengu warrior
  8515 | D:13     | Reached skill level 3 in Armour
  8540 | D:13     | Noticed a tengu warrior
  8546 | D:13     | Killed a tengu warrior
  8546 | D:13     | Received a gift from Okawaru
  8578 | D:13     | Reached XP level 13. HP: 101/101 MP: 18/18
  8583 | D:13     | Reached skill level 7 in Invocations
  8702 | D:12     | Reached skill level 8 in Invocations
  8890 | D:12     | Reached ****** piety under Okawaru
  8897 | D:12     | Acquired the +6 hand cannon of the Invisible Dances {penet,
                  | rN+}
  8897 | D:12     | Received a gift from Okawaru
  8899 | D:12     | Acquired the scarf of Shadows and Fog {+Inv, Str+5 Stlth+}
  8899 | D:12     | Received a gift from Okawaru
  8908 | D:12     | Noticed Lodul
  8911 | D:12     | Killed Lodul
  9012 | D:12     | Reached skill level 9 in Invocations
  9583 | D:12     | Reached skill level 4 in Evocations
  9584 | D:12     | Received a gift from Okawaru
  9587 | D:12     | Reached skill level 5 in Evocations
  9782 | Lair:1   | Entered Level 1 of the Lair of Beasts
  9915 | Lair:1   | Noticed Amaemon
 10044 | Lair:1   | Killed Amaemon
 10073 | Lair:1   | Received a gift from Okawaru
 10710 | Lair:2   | Found a frozen archway.
 10717 | Lair:2   | Reached skill level 10 in Fighting
 10717 | Lair:2   | Reached skill level 9 in Dodging
 10742 | IceCv    | Entered an ice cave
 10769 | IceCv    | Reached skill level 6 in Evocations
 10785 | IceCv    | Reached skill level 7 in Evocations
 10901 | IceCv    | Reached skill level 8 in Evocations
 10901 | IceCv    | Reached XP level 14. HP: 53/110 MP: 20/20
 10912 | IceCv    | Received a gift from Okawaru
 10919 | IceCv    | Reached skill level 9 in Evocations
 10922 | IceCv    | Acquired a pneumatic whirligig {AutoDazzle, rF+ Slay+3}
 11021 | IceCv    | Reached skill level 10 in Evocations
 11191 | IceCv    | Reached skill level 11 in Evocations
 11360 | IceCv    | Identified a +2 crystal plate armour of cold resistance
 11375 | IceCv    | Got The Advanced Guide to the Esoteric Rites
 11647 | Lair:2   | Reached skill level 12 in Evocations
 11893 | Lair:2   | Received a gift from Okawaru
 12104 | Lair:2   | Found a staircase to the Snake Pit.
 12670 | Lair:3   | Reached skill level 13 in Evocations
 12836 | Lair:3   | Reached skill level 14 in Evocations
 12847 | Lair:3   | Found a staircase to the Swamp.
 13005 | Lair:3   | Received a gift from Okawaru
 13431 | Lair:4   | Reached skill level 15 in Evocations
 13760 | Lair:4   | Received a gift from Okawaru
 14119 | Lair:5   | Entered Level 5 of the Lair of Beasts
 14184 | Lair:5   | Reached skill level 16 in Evocations
 14294 | Lair:5   | Reached XP level 15. HP: 115/115 MP: 21/21
 14432 | Lair:5   | Reached skill level 17 in Evocations
 14491 | Lair:5   | Found a staircase to the Slime Pits.
 14770 | Lair:5   | Received a gift from Okawaru
 14811 | Lair:5   | Reached skill level 18 in Evocations
 15315 | Lair:5   | Reached skill level 19 in Evocations
 15335 | Lair:5   | Received a gift from Okawaru
 15755 | Lair:5   | Paralysed by a hornet for 3 turns
 15831 | Lair:5   | Reached skill level 20 in Evocations
 16070 | Orc:1    | Entered Level 1 of the Orcish Mines
 16403 | Orc:2    | Entered Level 2 of the Orcish Mines
 16961 | Orc:2    | Received a gift from Okawaru
 17384 | Orc:2    | Noticed an orc warlord
 17452 | Orc:2    | Killed an orc warlord
 17713 | Orc:2    | Found a staircase to the Elven Halls.
 17756 | Orc:2    | Reached skill level 21 in Evocations
 17756 | Orc:2    | Reached XP level 16. HP: 107/122 MP: 22/22
 18712 | Orc:2    | Found Otrot's Antique Weapon Shop.
 18755 | Orc:2    | Received a gift from Okawaru
 18779 | Orc:2    | Found a roughly hewn altar of Beogh.
 18826 | Orc:2    | Found Myrchyl's Weapon Shoppe.
 18952 | Orc:2    | Found Zaoh's Assorted Antiques.
 18982 | Orc:2    | Bought a scroll of identify for 72 gold pieces
 18982 | Orc:2    | Bought 2 sedimented inky potions for 64 gold pieces
 18982 | Orc:2    | Bought a scroll of identify for 72 gold pieces
 18982 | Orc:2    | Bought 2 metallic dark potions for 64 gold pieces
 18990 | Orc:2    | Found a roughly hewn altar of Beogh.
 19028 | Orc:2    | Reached skill level 22 in Evocations
 19092 | Orc:2    | Found Waje's Antique Weapon Shoppe.
 19210 | Orc:2    | Noticed Snorg
 19214 | Orc:2    | Killed Snorg
 19669 | D:5      | Killed Blork the orc
 19853 | D:5      | Killed Menkaure
 20278 | D:13     | Reached skill level 11 in Fighting
 20314 | D:13     | Received a gift from Okawaru
 20695 | D:14     | Found Laitog's Weapon Boutique.
 20841 | D:14     | Reached skill level 12 in Fighting
 21173 | D:14     | Received a gift from Okawaru
 21315 | D:14     | Acquired a manual of Dodging
 21321 | D:14     | Found a gate to the Vaults.
 21383 | D:14     | Reached skill level 13 in Fighting
 21528 | D:15     | Entered Level 15 of the Dungeon
 21541 | D:15     | Noticed Josephine
 21547 | D:15     | Killed Josephine
 21551 | D:15     | Reached skill level 10 in Dodging
 21601 | D:15     | Received a gift from Okawaru
 21603 | D:15     | Noticed Jorgrun
 21606 | D:15     | Reached skill level 11 in Dodging
 21616 | D:14     | Killed Jorgrun
 21617 | D:14     | Reached XP level 17. HP: 93/136 MP: 23/23
 21789 | D:15     | Reached skill level 12 in Dodging
 21901 | D:15     | Found Jywedont's Demolitions Depot.
 21928 | D:15     | Bought a wand of mindburst (5) for 84 gold pieces
 21940 | D:15     | Found a stormy altar of Qazlal.
 22074 | D:15     | Found a staircase to the Depths.
 22402 | Snake:1  | Entered Level 1 of the Snake Pit
 22402 | Snake:1  | Noticed Agnes
 22406 | Snake:1  | Reached skill level 13 in Dodging
 22412 | Lair:2   | Killed Agnes
 22780 | Snake:1  | Reached skill level 14 in Dodging
 22925 | Snake:1  | Received a gift from Okawaru
 23761 | Snake:2  | Found Jolos's Magic Scroll Shoppe.
 23764 | Snake:2  | Bought 3 scrolls of blinking for 360 gold pieces
 23764 | Snake:2  | Bought a scroll of identify for 32 gold pieces
 23764 | Snake:2  | Bought a scroll of teleportation for 48 gold pieces
 23764 | Snake:2  | Bought a scroll of teleportation for 48 gold pieces
 23764 | Snake:2  | Bought a scroll of identify for 32 gold pieces
 23784 | Snake:2  | Reached skill level 4 in Armour
 23867 | Snake:2  | Reached skill level 5 in Armour
 24043 | Snake:2  | Reached skill level 6 in Armour
 24907 | Snake:2  | Received a gift from Okawaru
 25199 | Snake:3  | Reached skill level 14 in Fighting
 25421 | Snake:3  | Found a huge runed translucent gate.
 25422 | Snake:3  | Found a huge runed translucent gate.
 25422 | Snake:3  | Found a huge runed translucent gate.
 25422 | Snake:3  | Found a huge runed translucent gate.
 25422 | Snake:3  | Found a huge runed translucent gate.
 25695 | Snake:3  | Received a gift from Okawaru
 25902 | Snake:2  | Learned a level 4 spell: Dimensional Bullseye
 25907 | Snake:2  | Learned a level 4 spell: Passage of Golubria
 26062 | Snake:4  | Entered Level 4 of the Snake Pit
 26119 | Snake:4  | Reached XP level 18. HP: 148/148 MP: 24/24
 26321 | Snake:4  | Reached skill level 15 in Fighting
 26322 | Snake:4  | Reached skill level 1 in Translocations
 26577 | Snake:4  | Reached skill level 2 in Translocations
 26776 | Snake:4  | Reached skill level 3 in Translocations
 26938 | Snake:4  | Got Sif Muna's Compilation of Tropical Locality
 26968 | Snake:4  | Reached skill level 4 in Translocations
 27185 | Snake:4  | Identified the +1 long sword "Edeed" {holy, ^Fragile +Blink
                  | rC+ rCorr}
 27193 | Snake:4  | Reached skill level 5 in Translocations
 27317 | Snake:4  | Reached skill level 6 in Translocations
 27779 | Snake:4  | Received a gift from Okawaru
 27835 | Snake:4  | Reached skill level 7 in Translocations
 28010 | Snake:4  | Reached skill level 8 in Translocations
 28164 | Snake:4  | Received a gift from Okawaru
 28230 | Snake:4  | Noticed a quicksilver dragon
 28237 | Snake:4  | Killed a quicksilver dragon
 28238 | Snake:4  | Reached skill level 9 in Translocations
 28259 | Snake:4  | Got a serpentine rune of Zot
 28473 | Swamp:1  | Entered Level 1 of the Swamp
 28679 | Swamp:1  | Identified the +6 long sword of Midnight {freeze, rCorr
                  | MP+9}
 29099 | Swamp:2  | Identified the serpent talisman "Balusag" {rF+}
 29099 | Swamp:2  | Noticed Aizul
 29109 | Arena    | Entered the Arena
 29110 | Arena    | HP: 9/149 [Aizul/bolt of poison (15)]
 29111 | Arena    | Killed from afar by Aizul

Vanquished Creatures
  Jorgrun (D:14)
  A quicksilver dragon (Snake:4)
  Agnes (Lair:2)
  8 nagarajas
  2 orc warlords (Orc:2)
  2 bunyips (Swamp:1)
  Snorg (Orc:2)
  Josephine (D:15)
  An ettin (Orc:2)
  A rakshasa (D:15)
  9 hydras
  3 vault guards (D:14)
  2 ironbound frosthearts (IceCv)
  A salamander tyrant (Snake:4)
  3 catoblepae (Lair:5)
  4 alligators (Swamp:1)
  9 anacondas
  6 centaur warriors
  10 two-headed ogres
  4 boulder beetles
  4 tengu warriors
  13 death yaks
  3 occultists (D:15)
  8 shock serpents
  4 orc high priests (Orc:2)
  10 naga sharpshooters
  6 naga warriors
  Amaemon (Lair:1)
  5 skeletal warriors
  A goliath frog (Swamp:1)
  2 sea snakes (Snake:2)
  4 salamander mystics (Snake:3)
  Lodul (D:12)
  14 mana vipers
  A swamp dragon (Swamp:2)
  2 spriggan druids (Swamp:1)
  4 arcanists (D:14)
  A bog body (Swamp:1)
  10 naga ritualists
  3 lindwurms (Lair:5)
  3 deep elf pyromancers
  2 necromancers
  7 manticores
  5 orc sorcerers
  7 salamanders
  8 orc knights
  2 cyclopes (D:14)
  6 ugly things
  37 black mambas
  14 naga magi
  7 torpor snails (Lair:5)
  4 kobold blastminers (Orc:2)
  3 gargoyles
  An ice statue (IceCv)
  2 guardian serpents
  16 elephants
  An orange demon (Lair:1)
  8 cane toads
  5 komodo dragons
  7 kobold demonologists
  A centaur skeleton (D:15)
  6 rime drakes
  2 efreet (D:15)
  12 trolls
  4 tyrant leeches
  13 polar bears
  11 hornets
  11 blink frogs
  A harpy skeleton (D:15)
  Grinder (D:5)
  2 dream sheep (Lair:5)
  3 spriggans (Swamp:1)
  26 slime creatures
  2 shadows
  5 wraiths
  3 centaur simulacra
  73 yaks
  6 wyverns
  6 basilisks
  A vampire (D:11)
  A warg (shapeshifter) (D:11)
  2 fire elementals (Lair:4)
  16 humans (D:14)
  2 wargs (Orc:2)
  8 vampire mosquitoes
  Grum (D:11)
  Menkaure (D:5)
  26 nagas
  4 swamp worms (Swamp:1)
  37 water moccasins
  4 acid dragons
  48 orc warriors
  A swamp drake (Swamp:1)
  2 black bears
  2 ice beasts (D:6)
  5 sky beasts
  43 wolves
  24 ogres
  2 lemures
  4 phantoms
  19 centaurs
  Blork the orc (D:5)
  8 kobold brigands
  3 scorpions
  12 bullfrogs
  2 troll zombies (D:11)
  6 wights
  19 killer bees (D:9)
  2 electric eels (D:11)
  2 lava snakes (Lair:4)
  2 hounds (D:6)
  2 bombardier beetles
  35 orc priests
  4 jellies
  A gnoll bouda (D:6)
  A sleepcap (D:6)
  10 iguanas
  19 orc wizards
  6 ogre zombies (D:11)
  21 adders
  A shadow imp (D:7)
  A white imp (D:7)
  2 ufetubi (D:5)
  4 ribbon worms
  3 dart slugs
  83 orcs
  6 ball pythons
  7 bats
  17 endoplasms
  5 giant cockroaches
  4 gnoll zombies (D:11)
  12 goblins
  5 hobgoblins
  4 jackals (D:1)
  29 kobolds
  5 quokkas
  7 frilled lizards
  A gnoll skeleton (D:11)
  2 orc skeletons (D:11)
  18 orc zombies (D:11)
  3 rats (D:1)
1128 creatures vanquished.

Vanquished Creatures (collateral kills)
  An orc warrior (D:6)
  An adder (D:5)
2 creatures vanquished.

Vanquished Creatures (others)
  A wight (D:6)
1 creature vanquished.

Grand Total: 1131 creatures vanquished

Table legend: (Time is in decaauts)
 A = Elapsed time spent in this place.
 B = Non-inter-level travel time spent in this place.
 C = Inter-level travel time spent in this place.
 D = Time resting spent in this place.
 E = Time spent auto-exploring this place.
 F = Levels seen in this place.
 G = Mean time per level.
                   A        B        C        D        E       F      G
               +--------+--------+--------+--------+--------+-----+--------+
         Total |  29218 |  27104 |   2114 |   4706 |  14294 |  31 |  942.5 |
       Dungeon |  12906 |  11941 |    965 |   1626 |   6864 |  15 |  860.4 |
        Temple |     28 |     28 |      0 |      0 |      0 |   1 |   28.0 |
          Lair |   5643 |   5154 |    489 |    547 |   3491 |   5 | 1128.6 |
         Swamp |    661 |    630 |     31 |    127 |    318 |   2 |  330.5 |
     Snake Pit |   5855 |   5312 |    543 |    831 |   2680 |   4 | 1463.8 |
  Orcish Mines |   3321 |   3236 |     85 |   1391 |    935 |   2 | 1660.5 |
      Ice Cave |    800 |    800 |      0 |    183 |      5 |   1 |  800.0 |
         Arena |      1 |      1 |      0 |      0 |      0 |   1 |    1.0 |
               +--------+--------+--------+--------+--------+-----+--------+

Top non-repeatable levels by time:
   Orc:2: 2908 daAuts
 Snake:4: 2014 daAuts
  Lair:5: 1754 daAuts
  Lair:2: 1432 daAuts
 Snake:2: 1369 daAuts
 Snake:3: 1344 daAuts
     D:7: 1289 daAuts
     D:6: 1260 daAuts
    D:12: 1228 daAuts
     D:3: 1192 daAuts
 Snake:1: 1126 daAuts
    D:14: 1023 daAuts
     D:5: 906 daAuts
    D:11: 878 daAuts
  Lair:1: 878 daAuts

Table legend:
 A = Non-vault XP
 B = Vault XP
 C = Vault XP percentage of total XP
 D = Non-vault monster count
 E = Vault monster count
 F = Vault count percentage of total count
                 A         B        C        D         E       F
            +---------+---------+-------+---------+---------+-------
      Total |  160259 |  137756 |  46.2 |     633 |     496 |  43.9
            +---------+---------+-------+---------+---------+-------
        D:1 |      54 |       0 |   0.0 |      28 |       0 |   0.0
        D:2 |      55 |       0 |   0.0 |      21 |       0 |   0.0
        D:3 |     162 |       0 |   0.0 |      21 |       0 |   0.0
        D:4 |     372 |     876 |  70.2 |      11 |       8 |  42.1
        D:5 |     468 |     529 |  53.1 |      13 |       3 |  18.8
        D:6 |    1206 |     883 |  42.3 |      21 |      17 |  44.7
        D:7 |     848 |    4123 |  82.9 |      21 |      14 |  40.0
        D:8 |    2624 |       0 |   0.0 |      11 |       0 |   0.0
        D:9 |    4800 |     136 |   2.8 |      40 |       1 |   2.4
       D:10 |    3238 |     566 |  14.9 |      19 |      11 |  36.7
       D:11 |    4420 |    4395 |  49.9 |      32 |      72 |  69.2
       D:12 |    5463 |    2443 |  30.9 |      26 |       9 |  25.7
       D:13 |   13063 |       0 |   0.0 |      31 |       0 |   0.0
       D:14 |    8174 |   11067 |  57.5 |      24 |      26 |  52.0
       D:15 |   11014 |    7104 |  39.2 |      29 |      14 |  32.6
     Lair:1 |    4864 |    1193 |  19.7 |      24 |       2 |   7.7
     Lair:2 |    5860 |    2106 |  26.4 |      22 |       4 |  15.4
     Lair:3 |    4948 |    1330 |  21.2 |      21 |       5 |  19.2
     Lair:4 |    9177 |       0 |   0.0 |      31 |       0 |   0.0
     Lair:5 |   16282 |   17049 |  51.2 |      49 |      41 |  45.6
    Swamp:1 |   12076 |       0 |   0.0 |      26 |       0 |   0.0
    Swamp:2 |     711 |       0 |   0.0 |       1 |       0 |   0.0
    Snake:1 |    7971 |       0 |   0.0 |      14 |       0 |   0.0
    Snake:2 |   14745 |    6239 |  29.7 |      32 |      10 |  23.8
    Snake:3 |   19337 |    1777 |   8.4 |      36 |       4 |  10.0
    Snake:4 |    7249 |   33876 |  82.4 |      13 |      46 |  78.0
      Orc:1 |    1078 |      39 |   3.5 |      16 |      13 |  44.8
      Orc:2 |       0 |   26390 | 100.0 |       0 |     140 | 100.0
      IceCv |       0 |   15635 | 100.0 |       0 |      56 | 100.0
            +---------+---------+-------+---------+---------+-------
